 Dungeon Crawl Stone Soup version 0.30.1-9-gdf580d7c3d (webtiles) character file.

Game seed: 14131391796417033057

118 Chiseanne the Shield-Bearer (level 4, -3/34 HPs)
             Began as a Demonspawn Wanderer on Oct 5, 2023.
             Slain by an ogre
             ... wielding a +0 giant club
              (19 damage)
             ... on level 3 of the Dungeon.
             The game lasted 00:09:42 (3034 turns).

Chiseanne the Shield-Bearer (Demonspawn Wanderer)   Turns: 3034, Time: 00:09:42

Health: -3/34      AC: 11    Str: 12    XL:     4   Next: 72%
Magic:  5/5        EV:  8    Int: 16    God:
Gold:   151        SH:  6    Dex: 12    Spells: 5/5 levels left

rFire   . . .        a - +0 mace
rCold   . . .        e - +2 buckler {AC+3}
rNeg    . . .        n - +0 scale mail
rPois   .            g - +0 helmet
rElec   .            (no cloak)
rCorr   .            (no gloves)
SInv    .            b - +0 pair of boots
Will    .....        (no amulet) Stlth
                     (no ring)
HPRegen 0.25/turn    (no ring)
MPRegen 0.09/turn

%: no passive effects
@: mighty
A: hooves 2
a: no special abilities


You were on level 3 of the Dungeon.
You visited 1 branch of the dungeon, and saw 3 of its levels.

You collected 151 gold pieces.

Inventory:

Hand Weapons
 a - a +0 mace (weapon)
 s - a +0 war axe
Missiles
 f - 21 stones
 m - 9 poisoned darts
 p - a datura-tipped dart (quivered)
Armour
 b - a +0 pair of boots (worn)
 e - a +2 buckler of protection (worn)
 g - a +0 helmet (worn)
 n - a +0 scale mail (worn)
Magical Staves
 j - a staff of earth
 l - a staff of cold
Scrolls
 i - a scroll of fear
 o - 2 scrolls of immolation
Potions
 h - a potion of cancellation


   Skills:
 * Level 2.6 Fighting
 - Level 1.0 Throwing
 * Level 1.0 Armour
 * Level 2.1 Dodging
 - Level 1.0 Stealth
 * Level 3.6 Shields
 - Level 1.0 Spellcasting
 - Level 2.0 Evocations


You had 5 spell levels left.
You didn't know any spells.
Your spell library was empty.

Dungeon Overview and Level Annotations

Branches:
Dungeon (3/15)

Altars:
Xom

Shops:
D:3 ?


Innate Abilities, Weirdness & Mutations

You have hoof-like feet.


Message History

Press: ? - help, Q - select action, (/) - cycle Shift-Dir - straight line, f/p - ogre
Aim: an ogre, wielding a +0 giant club (73% to hit, chance to frenzy on hit: 41%)
You throw a datura-tipped dart. The datura-tipped dart hits the ogre.
The ogre flies into a frenzy!
Throw: dart (datura)
Press: ? - help, Q - select action, (/) - cycle Shift-Dir - straight line, f/p - ogre
Aim: an ogre, wielding a +0 giant club (fast, strong, frenzied and insane, 73% to hit, immune)
Okay, then.
The ogre shouts!
You hear a shout!
The ogre attacks as you move away!
The ogre hits you with a +0 giant club!!
Ouch! That really hurt!
* * * LOW HITPOINT WARNING * * *
You can't see any enemies this would affect, really read the scroll of fear? [Y]es or [N]o only, please.
You can't see any enemies this would affect, really read the scroll of fear?
Okay, then.
Unknown command.
What are your orders? t - Shout!
Orders for allies: a - Attack new target. p - Attack previous target. r - Retreat! s - Stop attacking. g - Guard the area. f - Follow me.
Anything else - Cancel.
Gang up on whom?
Press: ? - help, Dir - move target, p - ogre There's nothing there!
The ogre closely misses you.
Okay, then.
You feel much better.
The ogre hits you with a +0 giant club!!
Ouch! That really hurt!
* * * LOW HITPOINT WARNING * * *
It was a potion of curing.
You feel better. You block the ogre's attack.
It was a potion of might.
You feel very mighty all of a sudden.
The ogre hits you with a +0 giant club!!
Ouch! That really hurt!
You die...

#.........<#.#.####.#....+...
#.#.###....#.#.~~..~....~....
#.#.###....#.#..~...~........
#####.....#....#..~~~≈~~~~~~~.~..
..........+....###~.≈≈≈≈≈≈≈≈~....
.....#....##...##...~≈≈≈~~~~~.~..
.....+....+.....#..~~≈≈~.♣≈~~~...
.....#....##....#.~≈≈≈≈♣_♣≈~~~...
.....#.........O@..~≈≈≈♣~♣≈~~.~..
.....#....#####.##.~≈≈≈~≈≈≈≈~....
.....#....# #.#<)≈~≈≈≈≈≈≈≈≈....
.....#...O# #)#.~.~~~~≈~~~~....
.....####.# ###.##..~~....~......
.....# #.# #.........~....~~....
.....# #.# #.#.##.#...#.####....
#.#### #(###.#.##.#...#.# #....
#.# #(#...#.##.#####.# #....


You could see a neutral ogre (fast, strong, insane).

Vanquished Creatures
  Jessica (D:2)
  Robin (D:2)
  An adder (D:3)
  2 dart slugs (D:1)
  5 ball pythons
  8 endoplasms
  3 giant cockroaches
  14 goblins
  3 hobgoblins
  2 quokkas
  7 bats
  5 frilled lizards
  8 kobolds
  2 rats (D:1)
62 creatures vanquished.

Notes
Turn   | Place    | Note
-------+----------+-------------------------------------------
     0 | D:1      | Chiseanne the Demonspawn Wanderer began the quest for the
                  | Orb.
     0 | D:1      | Chiseanne set off with the following items: a +0 dagger, a
                  | +0 pair of boots, a potion of heal wounds, a +0 robe, a +0
                  | buckler of protection.
     0 | D:1      | Reached XP level 1. HP: 15/15 MP: 2/2
   286 | D:1      | Gained mutation: You have large cloven feet. [demonic
                  | ancestry]
   286 | D:1      | Reached XP level 2. HP: 7/21 MP: 3/3
   462 | D:1      | Reached skill level 1 in Dodging
   469 | D:1      | Reached skill level 3 in Shields
  1152 | D:2      | Gained mutation: You have hoof-like feet. [demonic
                  | ancestry]
  1152 | D:2      | Reached XP level 3. HP: 27/27 MP: 4/4
  1521 | D:2      | Noticed Jessica
  1610 | D:2      | Killed Jessica
  1611 | D:2      | Reached XP level 4. HP: 13/33 MP: 5/5
  1810 | D:2      | Found a shimmering altar of Xom.
  2215 | D:3      | Noticed Robin
  2227 | D:2      | Killed Robin
  2591 | D:3      | Found Olaphone's Magic Scroll Emporium.
  2907 | D:3      | Found a faded altar of an unknown god.
  3021 | D:3      | Noticed an ogre
  3034 | D:3      | Slain by an ogre

Illustrated notes

Levels and vault maps discovered:
D:1:      heliophobic_arrival_battle_scene, layout_loops_corners,
          minmay_tetromino_t4
D:2:      layout_basic, basic_altar, minmay_close_crescents, uniq_jessica
D:3:      layout_basic, serial_shops, shop, chequers_ecumenical_altar_island,
          kennysheep_small_spiral, uniq_robin

Skill      XL: |  1  2  3  4 |
---------------+-------------+-----
Dodging        | 1 2 |  2.1
Shields        | 3 |  3.6
Fighting       | 2 |  2.6
Throwing       | |  1.0
Armour         | |  1.0
Stealth        | |  1.0
Spellcasting   | |  1.0
Evocations     | |  2.0

Action                     |  1- 3 |  4- 6 || total
---------------------------+-------+-------++-------
  Melee: Dagger            |    66 |       ||    66
         Mace              |    91 |   108 ||   199
  Throw: Dart              |       |     2 ||     2
    Use: Scroll            |     3 |     6 ||     9
         Potion            |       |     3 ||     3
   Stab: Sleeping          |     4 |     2 ||     6
 Armour: Robe              |    64 |    40 ||   104
         Scale mail        |       |     4 ||     4
  Dodge: Dodged            |    71 |    75 ||   146
  Block: Buckler           |    30 |    37 ||    67
